 Dungeon Crawl Stone Soup version 0.23.2-1-ga50397a (webtiles) character file.

Game seed: 13358498381465037686

9587 myga the Covert (level 11, 0/83 HPs)
             Began as a Vampire Gladiator on May 4, 2019.
             Was a High Priest of Okawaru.
             Killed from afar by an electric eel (10 damage)
             ... with a bolt of electricity
             ... on level 2 of the Lair of Beasts.
             The game lasted 00:53:45 (10454 turns).

myga the Covert (Vampire Gladiator)                Turns: 10454, Time: 00:53:47

Health: 0/83       AC:  0    Str: 14    XL:     11   Next: 25%
Magic:  15/17      EV: 27    Int: 11    God:    Okawaru [*****.]
Gold:   429        SH:  0    Dex: 23    Spells: 8/18 levels left

rFire    . . .     SeeInvis +   (weapon currently unavailable)
rCold    + + .     Gourm    .   (shield currently unavailable)
rNeg     + + +     Faith    .   (armour currently unavailable)
rPois    ∞         Spirit   .   (helmet currently unavailable)
rElec    .         Reflect  .   (cloak currently unavailable)
rCorr    .         Harm     .   (gloves currently unavailable)
MR       +....                  (boots currently unavailable)
Stlth    +++++++...             (no amulet)
HPRegen  0.00/turn              (ring currently unavailable)
MPRegen  0.15/turn              (ring currently unavailable)

@: bat-form, flying, bloodless, non-regenerating, slowed, quick
A: tiny, fangs 3, see invisible
a: End Transformation, Heroism, Finesse, Renounce Religion


You were on level 2 of the Lair of Beasts.
You worshipped Okawaru.
Okawaru was extremely pleased with you.
You were bloodless.
You were in vampire-bat-form.
You visited 2 branches of the dungeon, and saw 11 of its levels.

You collected 687 gold pieces.
You spent 258 gold pieces at shops.

Inventory:

Hand Weapons
 w - a +0 blowgun
 J - a +8 quick blade of flaming
 L - a +5 vampiric short sword
 M - a +1 vampiric great sword (melded)
Missiles
 d - 4 throwing nets
 f - 405 stones
 g - 12 poisoned needles
 p - 14 javelins
 u - 7 silver tomahawks
 x - 2 curare-tipped needles
 G - 4 tomahawks
 U - 3 tomahawks of returning (quivered)
 W - 5 needles of frenzy
Armour
 b - a +0 robe
 c - a +1 helmet (melded)
 E - a +0 pair of gloves (melded)
 F - +0 ice dragon scales
 Q - a +2 cloak (melded)
 T - a +2 robe of the Archmagi (melded)
Magical Staves
 A - an uncursed staff of death
 X - an uncursed staff of fire
Jewellery
 a - the ring of Nobility (melded) {Wiz rF+ Str+2}
   (You found it on level 5 of the Dungeon)

   [ring of wizardry]

   It improves your spell success rate.
   It affects your strength (+2).
   It protects you from fire.
 j - an uncursed ring of wizardry
 k - a +3 ring of strength (melded)
 o - a +4 ring of intelligence
 N - an uncursed ring of positive energy
Wands
 s - a wand of random effects (30)
 y - a wand of polymorph (7)
 z - a wand of flame (13)
 H - a wand of disintegration (12)
Scrolls
 i - 5 scrolls of teleportation
 l - 4 scrolls of amnesia
 n - a scroll of blinking
 r - 6 scrolls of magic mapping
 v - 2 scrolls of enchant weapon
 C - a scroll of enchant armour
 I - 8 scrolls of remove curse
 K - a scroll of fog
 P - a scroll of immolation
Potions
 e - 31 potions of blood
 h - 3 potions of curing
 m - 3 potions of cancellation
 q - 2 potions of resistance
 t - 3 potions of mutation
 B - a potion of ambrosia
 D - 2 potions of agility
 R - a potion of berserk rage
 S - a potion of invisibility
 V - a potion of flight


   Skills:
 + Level 6.4 Fighting
 + Level 11.0 Short Blades
 + Level 3.8 Throwing
 + Level 2.2 Armour
 + Level 6.7 Dodging
 + Level 11.5 Stealth
 + Level 4.1 Spellcasting
 + Level 0.6 Conjurations
 + Level 3.5 Summonings
 + Level 3.4 Necromancy
 + Level 2.0 Invocations
 + Level 0.6 Evocations


You had 8 spell levels left.
You knew the following spells:

 Your Spells              Type           Power        Failure   Level  Hunger
a - Animate Skeleton      Necr           N/A          5%          1    #......
b - Magic Dart            Conj           #...         19%         1    #......
c - Summon Small Mammal   Summ           ##..         5%          1    #......
d - Blink                 Tloc           N/A          34%         2    ##.....
e - Call Imp              Summ           ##......     9%          2    ##.....
f - Dazzling Spray        Conj/Hex       #.....       52%         3    ###....

Your spell library contained the following spells:

 Spells                   Type           Power        Failure   Level  Hunger
 Apportation              Tloc           #.....       24%         1    #......
 Confusing Touch          Hex            #.....       24%         1    #......
 Searing Ray              Conj           #.....       26%         2    ##.....
 Slow                     Hex            #.......     34%         2    ##.....
 Conjure Flame            Conj/Fire      #.......     52%         3    ###....
 Mephitic Cloud           Conj/Pois/Air  #.......     54%         3    ###....
 Iskenderun's Mystic Bla  Conj           #.......     87%         4    #####..
 Force Lance              Conj/Tloc      #.......     90%         4    #####..
 Fulminant Prism          Conj/Hex       #.........   90%         4    #####..


Dungeon Overview and Level Annotations

Branches:
Dungeon (9/15)             Temple (0/1) D:6            Lair (2/6) D:9
  Swamp (0/4) Lair:2
  Snake: Lair:2-4    Spider: Lair:2-4       Orc: D:9-12

Altars:
Ashenzari
Gozag
Okawaru
Ru
Trog

Shops:
D:7 *   D:8 *


Innate Abilities, Weirdness & Mutations

You do not heal naturally.
You are immune to poison.
You have razor-sharp teeth.
You have supernaturally acute eyesight. (SInv)
((You can survive without breathing.))


Message History

The electric eel shoots out a bolt of lightning at you!
The bolt of electricity hits you!
* * * LOW HITPOINT WARNING * * *
The electric eel shoots out a bolt of lightning at you!
The bolt of electricity hits you.
* * * LOW HITPOINT WARNING * * *
You turn into a vampire bat.
Your +1 vampiric great sword melds into your body.
Your +2 cloak melds into your body.
Your +1 helmet melds into your body.
Your +0 pair of gloves melds into your body.
Your +2 robe of the Archmagi melds into your body.
Your +3 ring of strength melds into your body.
The ring of Nobility {Wiz rF+ Str+2} melds into your body.
You feel your glee subside.
You feel strangely numb.
You feel weaker.
The bog body points at you and mumbles some strange words.
The bolt of cold misses you.
The electric eel shoots out a bolt of lightning at you!
The bolt of electricity hits you!
You die...

#... ..... #..% ##... #....
♣♣♣♣♣♣♣♣♣♣♣♣♣♣♣♣♣
##..♣♣♣≈≈≈♣≈≈≈≈≈♣≈♣§§§♣♣.........
...⌠.......♣....b♣.§>§♣♣.........
...⌠...♣..†..♣.♣..§n§§♣♣........)
....♣♣♣≈≈≈≈♣≈≈≈≈♣;≈§≈≈♣♣.......P.
.#....♣♣♣♣♣♣♣♣♣♣♣♣♣♣♣♣♣......PPPP
##.P......♣♣♣♣♣♣♣♣.#........P≈≈≈
#P.#..##...................P≈≈≈
####..#..................<.P≈≈≈
#.......................P≈;≈
#...##...............^..PPPP


You could see a bog body and an electric eel.

Vanquished Creatures
  2 two-headed ogres
  Maurice (D:9)
  A black mamba (Lair:1)
  Psyche (D:9)
  2 spiny frogs (Lair:1)
  A troll (D:8)
  3 bog bodies (Lair:2)
  3 wyverns (D:9)
  A spriggan (D:7)
  3 yaks (D:9)
  A hungry ghost (D:9)
  Menkaure (D:7)
  2 swamp worms (Lair:2)
  3 water moccasins
  A porcupine (Lair:2)
  A swamp drake (D:9)
  A black bear (D:9)
  An orc warrior (D:7)
  A phantom (D:5)
  A sky beast (D:5)
  3 ogres
  2 necrophages
  3 centaurs
  A crocodile (D:9)
  Blork the orc (D:5)
  A big kobold (D:5)
  6 bullfrogs
  A gnoll sergeant (D:9)
  3 scorpions
  6 killer bees (D:7)
  2 jellies
  3 howler monkeys (D:8)
  2 crimson imps (D:8)
  2 bullfrog zombies
  A quasit (D:9)
  4 hounds
  5 orc wizards
  4 orc priests
  2 bullfrog skeletons
  Jessica (D:2)
  An iguana (D:7)
  Ijyb (D:3)
  Natasha (thrice) (D:3)
  4 hound skeletons (D:6)
  13 gnolls
  2 howler monkey zombies
  A howler monkey skeleton (D:4)
  7 adders
  A shadow imp (D:6)
  An adder skeleton (D:9)
  2 worms (D:3)
  2 dart slugs
  5 leopard geckos
  21 orcs
  2 ball pythons
  5 giant cockroaches
  8 goblins
  6 hobgoblins
  9 jackals
  6 kobolds
  A quokka (D:9)
  7 bats
  2 frilled lizards
  A jackal skeleton (D:5)
  A jackal zombie (D:5)
  A leopard gecko zombie (D:5)
  2 quokka zombies (D:5)
  10 rats
209 creatures vanquished.

Vanquished Creatures (collateral kills)
  A two-headed ogre (D:7)
  A wyvern (D:9)
  An orc priest (D:7)
  2 orc wizards
  2 orcs
7 creatures vanquished.

Vanquished Creatures (others)
  A komodo dragon (D:9)
  A crocodile (D:9)
  2 plants (D:7)
4 creatures vanquished.

Grand Total: 220 creatures vanquished

Notes
Turn   | Place    | Note
-------+----------+-------------------------------------------
     0 | D:1      | myga the Vampire Gladiator began the quest for the Orb.
     0 | D:1      | Reached XP level 1. HP: 16/16 MP: 1/1
   103 | D:1      | Reached XP level 2. HP: 12/22 MP: 2/2
   516 | D:1      | Reached XP level 3. HP: 25/27 MP: 3/3
  1347 | D:2      | Noticed Jessica
  1355 | D:2      | Killed Jessica
  1355 | D:2      | Reached XP level 4. HP: 31/33 MP: 4/4
  1838 | D:3      | Reached skill level 1 in Stealth
  1926 | D:3      | Found an iron altar of Okawaru.
  1930 | D:3      | Found a shattered altar of Ashenzari.
  1987 | D:3      | Noticed Natasha
  2002 | D:3      | Killed Natasha
  2002 | D:3      | Reached skill level 5 in Short Blades
  2002 | D:3      | Reached XP level 5. HP: 7/38 MP: 5/5
  2528 | D:3      | Noticed Natasha
  2547 | D:3      | Killed Natasha
  2557 | D:3      | Noticed Natasha
  2574 | D:3      | Killed Natasha
  3232 | D:3      | Noticed Ijyb
  3244 | D:3      | Killed Ijyb
  3512 | D:3      | Found an opulent altar of Gozag.
  3603 | D:3      | Became a worshipper of Warmaster Okawaru
  3678 | D:4      | Reached XP level 6. HP: 14/46 MP: 6/6
  4070 | D:4      | Reached * piety under Okawaru
  4395 | D:4      | Found a sacrificial altar of Ru.
  4475 | D:5      | Entered Level 5 of the Dungeon
  4490 | D:5      | Reached XP level 7. HP: 36/52 MP: 4/7
  4605 | D:5      | Reached skill level 5 in Stealth
  4910 | D:5      | Noticed Blork the orc
  4913 | D:5      | Killed Blork the orc
  4913 | D:5      | Reached skill level 1 in Armour
  4938 | D:5      | Reached ** piety under Okawaru
  5064 | D:5      | Reached XP level 8. HP: 59/60 MP: 8/8
  5069 | D:5      | Got a translucent lapis lazuli ring
  5084 | D:5      | Identified the ring of Nobility {Wiz rF+ Str+2} (You found
                  | it on level 5 of the Dungeon)
  5540 | D:6      | Learned a level 1 spell: Animate Skeleton
  5542 | D:6      | Learned a level 1 spell: Magic Dart
  5544 | D:6      | Learned a level 1 spell: Summon Small Mammal
  5547 | D:6      | Learned a level 2 spell: Blink
  5550 | D:6      | Learned a level 2 spell: Call Imp
  5598 | D:6      | Found a staircase to the Ecumenical Temple.
  5629 | D:6      | Reached skill level 1 in Necromancy
  5906 | D:6      | Reached *** piety under Okawaru
  5970 | D:7      | Found a bloodstained altar of Trog.
  6055 | D:7      | Reached skill level 1 in Summonings
  6058 | D:7      | HP: 3/61 [killer bee (5)]
  6063 | D:7      | Reached XP level 9. HP: 35/66 MP: 5/9
  6074 | D:7      | Reached skill level 1 in Spellcasting
  6461 | D:7      | Reached skill level 5 in Dodging
  6465 | D:7      | Noticed a two-headed ogre
  6483 | D:7      | Killed a two-headed ogre
  6483 | D:7      | Reached **** piety under Okawaru
  6483 | D:7      | Reached skill level 5 in Fighting
  6505 | D:7      | Noticed Menkaure
  6512 | D:7      | Killed Menkaure
  6856 | D:7      | Reached skill level 1 in Invocations
  6978 | D:7      | Found Sasaub's Assorted Antiques.
  6993 | D:7      | Bought a bubbling cyan potion for 26 gold pieces
  6993 | D:7      | Bought a scroll of identify for 58 gold pieces
  6994 | D:7      | Bought 3 scrolls of identify for 174 gold pieces
  7525 | D:8      | Learned a level 3 spell: Dazzling Spray
  7592 | D:8      | Noticed a two-headed ogre
  7610 | D:8      | Killed a two-headed ogre
  7610 | D:8      | Received a gift from Okawaru
  7610 | D:8      | Reached skill level 10 in Stealth
  7610 | D:8      | Reached XP level 10. HP: 74/74 MP: 1/14
  7673 | D:8      | Found Oddel's General Store.
  8054 | D:9      | Noticed a two-headed ogre
  8062 | D:9      | Killed a two-headed ogre
  8062 | D:9      | Reached ***** piety under Okawaru
  8182 | D:9      | Noticed Maurice
  8772 | D:9      | Killed Maurice
  8772 | D:9      | Reached skill level 10 in Short Blades
  9018 | D:9      | Received a gift from Okawaru
  9127 | D:9      | Found a staircase to the Lair.
  9381 | D:9      | Noticed Psyche
  9394 | D:9      | Killed Psyche
  9629 | Lair:1   | Entered Level 1 of the Lair of Beasts
  9755 | Lair:1   | Noticed a spiny frog
  9780 | Lair:1   | Killed a spiny frog
  9780 | Lair:1   | Reached XP level 11. HP: 81/81 MP: 17/17
 10437 | Lair:2   | Received a gift from Okawaru
 10451 | Lair:2   | Found a staircase to the Swamp.
 10454 | Lair:2   | Killed from afar by an electric eel

Skill      XL: |  1  2  3  4  5  6  7  8  9 10 11 |
---------------+----------------------------------+-----
Fighting       | 2 3 4 5 6 |  6.4
Short Blades   | 4 5 6 7 8 9 10 11 | 11.0
Throwing       | 2 3 |  3.8
Dodging        | 4 5 6 |  6.7
Stealth        | 1 3 4 6 8 10 11 | 11.5
Armour         | 1 2 |  2.2
Necromancy     | 1 2 3 |  3.4
Summonings     | 1 2 3 |  3.5
Spellcasting   | 2 4 |  4.1
Invocations    | 1 2 |  2.0
Conjurations   | |  0.6
Evocations     | |  0.6

Action                   |  1- 3 |  4- 6 |  7- 9 | 10-12 || total
-------------------------+-------+-------+-------+-------++-------
Melee: Rapier            |    94 |   186 |       |       ||   280
       Bite              |    14 |    13 |    37 |    22 ||    86
       Short sword       |       |     9 |   283 |   113 ||   405
       Punch             |       |     2 |     2 |     5 ||     9
       Quick blade       |       |       |       |    74 ||    74
       Great sword       |       |       |       |     6 ||     6
Throw: Throwing net      |     2 |       |       |       ||     2
       Stone             |    20 |    34 |    36 |    11 ||   101
       Tomahawk          |       |       |       |     6 ||     6
       Javelin           |       |       |       |     2 ||     2
 Cast: Magic Dart        |       |       |     5 |       ||     5
       Animate Skeleton  |       |       |     8 |     8 ||    16
       Call Imp          |       |       |     9 |       ||     9
       Summon Small Mamm |       |       |     7 |       ||     7
Invok: Heroism           |       |     2 |     5 |     5 ||    12
       Finesse           |       |       |       |     2 ||     2
 Abil: Bat Form          |       |       |     1 |     2 ||     3
       End Transformatio |       |       |     1 |     1 ||     2
Evoke: Wand              |       |       |       |     4 ||     4
  Use: Potion            |     1 |     6 |     8 |     6 ||    21
       Scroll            |       |     9 |     7 |     7 ||    23
 Stab: Sleeping          |     1 |     8 |    20 |     9 ||    38
       Distracted        |       |     1 |     1 |     1 ||     3
Armor: Leather armour    |    20 |       |       |       ||    20
       Robe              |       |    22 |    19 |    18 ||    59
       Ice dragon scales |       |       |    21 |       ||    21
Dodge: Dodged            |    51 |   105 |   130 |    95 ||   381
       Rpst.: Great sword |       |       |       |     1 ||     1
